 Dungeon Crawl Stone Soup version 0.25-a0-589-g1e14c54 (webtiles) character file.

Game seed: 10185360993185526987, levelgen mode: deterministic

101 Faels the Cutter (level 4, -3/33 HPs)
             Began as a Demonspawn Assassin on Mar 10, 2020.
             Killed by nerve-wracking pain
             ... invoked by Grinder
              (10 damage)
             ... on level 3 of the Dungeon.
             The game lasted 00:06:17 (2512 turns).

Faels the Cutter (Demonspawn Assassin)              Turns: 2512, Time: 00:06:18

Health: -3/33      AC: 11    Str: 11    XL:     4   Next: 48%
Magic:  4/4        EV: 11    Int: 12    God:
Gold:   134        SH:  0    Dex: 16    Spells: 3/3 levels left

rFire    + . .     SeeInvis .   a - +3 dagger
rCold    . . .     Gourm    .   (no shield)
rNeg     . . .     Faith    +   l - +0 ring mail
rPois    .         Spirit   .   (helmet restricted)
rElec    .         Reflect  .   v - scarf {repulsion}
rCorr    .         Harm     .   (no gloves)
MR       .....                  (no boots)
Stlth    ++........             m - amulet of faith
HPRegen  0.11/turn              j - ring of protection from fire
MPRegen  0.09/turn              o - +1 ring of evasion

@: sanguine armour, repel missiles
A: antennae 2, sanguine armour 1
a: no special abilities


You were on level 3 of the Dungeon.
You were not hungry.

You visited 1 branch of the dungeon, and saw 3 of its levels.

You collected 134 gold pieces.

Inventory:

Hand Weapons
 a - a +3 dagger (weapon)
Missiles
 d - 8 poisoned darts (quivered)
 e - 2 curare-tipped darts
Armour
 b - a +0 robe
 c - a +0 cloak
 l - a +0 ring mail (worn)
 v - a scarf of repulsion (worn)
Jewellery
 j - a ring of protection from fire (left hand)
 m - an amulet of faith (around neck)
 o - a +1 ring of evasion (right hand)
Wands
 h - a wand of digging (5)
Scrolls
 r - a scroll of enchant weapon
 t - 2 scrolls of remove curse
Potions
 i - a potion of stabbing
 k - a potion of mutation {unknown}
 p - a potion of lignification {unknown}
 q - a potion of might {unknown}
 u - a potion of invisibility {unknown}
Comestibles
 f - a ration
 s - 2 chunks of flesh


   Skills:
 - Level 2.0 Fighting
 * Level 4.3 Short Blades
 - Level 1.7 Throwing
 - Level 0.8 Dodging
 - Level 3.6 Stealth


You had 3 spell levels left.
You didn't know any spells.
Your spell library was empty.

Dungeon Overview and Level Annotations

Branches:
Dungeon (3/15)

Altars:
Trog
The Shining One

Annotations:
D:3 Grinder, Sigmund


Innate Abilities, Weirdness & Mutations

You have a pair of antennae on your head.
When seriously injured, your bleeding wounds create armour. (AC +6)


Message History

Grinder hits you!
* * * LOW HITPOINT WARNING * * *
You writhe in agony.
* * * LOW HITPOINT WARNING * * *
Unknown command.
It was a potion of curing.
You feel better. Grinder barely misses you.
You feel better. Grinder hits you.
You writhe in agony.
You feel better. Grinder hits you.
You writhe in agony.
Some of the chunks of flesh in your inventory have rotted away.
As you read the scroll labeled DEINAU TEXTAS, it crumbles to dust.
You feel aware of your surroundings.
It was a scroll of magic mapping.
Grinder hits you.
You writhe in agony.
* * * LOW HITPOINT WARNING * * *
Grinder says, "What is the universe for?"
As you read the scroll labeled TUWNUSI HOTEHI, it crumbles to dust.
It is a scroll of identify.
i - a potion of stabbing Grinder gestures at you.
Pain shoots through your body!
You die...

***,,,,,,,,,,,,#.#,#...#.#.#,**,*
*,****##+**#.#.#,#...#.#.#,,,,*
***,,**,.>.###.#..,#.......######
,,,,,**,.......#.###..##.........
,,,,,,*,.(.....#..........####.##
,,,,,,***#.....#.########†##.#.#
,,,,,,** #......r#...........#.#
,,,,,,,* #.....(5#.######.##.#.#
,....#.###......@#,,,,..#..#.#.#
,,...#..##.###+#.#****#.#.##.#÷#
**#........# *,#.# #.#....#.#
#........# *,#.# #.######.##
#........# *,#.######..........
###........# *,#............#####
...........# *,############.#
...........# *,* #.# ..........>#
*,* ###.#


You could see Grinder and a rat.

Vanquished Creatures
  Terence (D:2)
  An adder (D:3)
  2 worms (D:3)
  6 dart slugs
  3 leopard geckos
  4 bats
  A giant cockroach (D:2)
  6 goblins
  7 hobgoblins
  2 jackals (D:3)
  3 ball pythons (D:3)
  3 frilled lizards
  2 kobolds
  5 rats
46 creatures vanquished.

Notes
Turn   | Place    | Note
-------+----------+-------------------------------------------
     0 | D:1      | Faels the Demonspawn Assassin began the quest for the Orb.
     0 | D:1      | Reached XP level 1. HP: 16/16 MP: 1/1
    59 | D:1      | Reached skill level 2 in Short Blades
   204 | D:1      | Gained mutation: You have a pair of small antennae on your
                  | head. [demonic ancestry]
   204 | D:1      | Reached XP level 2. HP: 22/22 MP: 2/2
   705 | D:1      | Reached skill level 3 in Short Blades
  1128 | D:2      | Noticed Terence
  1139 | D:2      | Gained mutation: When seriously injured, your bleeding
                  | wounds create armour. (AC +6) [demonic ancestry]
  1139 | D:2      | Reached XP level 3. HP: 20/27 MP: 3/3
  1152 | D:2      | Killed Terence
  1890 | D:3      | Found a bloodstained altar of Trog.
  1890 | D:3      | Found a glowing golden altar of the Shining One.
  1892 | D:3      | Reached skill level 4 in Short Blades
  1892 | D:3      | Gained mutation: You have a pair of antennae on your head.
                  | [demonic ancestry]
  1892 | D:3      | Reached XP level 4. HP: 33/33 MP: 4/4
  2161 | D:3      | Noticed Sigmund
  2490 | D:3      | Noticed Grinder
  2499 | D:3      | Paralysed by Grinder for 3 turns
  2512 | D:3      | Killed from afar by Grinder

Levels and vault maps discovered:
D:1:      grunt_arrival_crossed_arrows, layout_basic
D:2:      layout_basic, serial_glass, glass_columns_c, glass_columns_a,
          item_on_display_a, feat_on_display, due_unseen_surprise,
          minmay_strange_pillars, minmay_misc_feat_square, uniq_terence
D:3:      layout_basic, gammafunk_temple_overflow_pools, serial_rivers,
          chequers_serial_rivers_micro_b, chequers_serial_rivers_micro_e,
          chequers_serial_rivers_micro_b, chequers_serial_rivers_room_b,
          uniq_grinder, uniq_sigmund

Skill      XL: |  1  2  3 |
---------------+----------+-----
Short Blades   | 2 3 4 |  4.3
Fighting       | |  2.0
Throwing       | |  1.7
Dodging        | |  0.8
Stealth        | |  3.6

Action                   |  1- 3 |  4- 6 || total
-------------------------+-------+-------++-------
Melee: Dagger            |    82 |    57 ||   139
Evoke: Wand              |     1 |       ||     1
  Use: Scroll            |     2 |     2 ||     4
       Potion            |       |     3 ||     3
 Stab: Sleeping          |     6 |       ||     6
  Eat: Chunk             |     1 |     1 ||     2
       Ration            |     1 |       ||     1
Armor: Robe              |     2 |       ||     2
       Ring mail         |    16 |    20 ||    36
Dodge: Dodged            |    34 |    26 ||    60

Table legend:
 A = Non-vault XP
 B = Vault XP
 C = Vault XP percentage of total XP
 D = Non-vault monster count
 E = Vault monster count
 F = Vault count percentage of total count
                 A         B        C        D         E       F
            +---------+---------+-------+---------+---------+-------
      Total |     107 |      38 |  26.2 |      45 |       1 |   2.2
            +---------+---------+-------+---------+---------+-------
        D:1 |      37 |       0 |   0.0 |      17 |       0 |   0.0
        D:2 |      16 |      38 |  70.4 |      10 |       1 |   9.1
        D:3 |      54 |       0 |   0.0 |      18 |       0 |   0.0
            +---------+---------+-------+---------+---------+-------
